 Dungeon Crawl Stone Soup version 0.30-a0-748-ge6a52f7cba (webtiles) character file.

Game seed: 13976025871544007560

218 Esekla the Covert (level 5, 16/37 HPs)
             Began as an Octopode Delver on Feb 8, 2023.
             Quit the game on level 5 of the Dungeon.
             The game lasted 00:01:40 (111 turns).

Esekla the Covert (Octopode Delver)                  Turns: 111, Time: 00:01:40

Health: 16/37      AC:  1    Str: 11    XL:     5   Next: 95%
Magic:  7/7        EV: 13    Int: 15    God:
Gold:   6          SH:  0    Dex: 13    Spells: 7/7 levels left

rFire   . . .      SeeInvis .    a - +0 falchion
rCold   . . .      Faith    .    (no shield)
rNeg    . . .      Spirit   .    (helmet restricted)
rPois   .          Reflect  .    (no amulet)
rElec   .          Harm     .    (no ring)
rCorr   .          Rampage  .    (no ring)
Will    .....                    (no ring)
Stlth   +++++                    (no ring)
HPRegen 0.26/turn                (no ring)
MPRegen 0.10/turn                (no ring)
                                 (no ring)
                                 (no ring)

@: no status effects
A: almost no armour, amphibious, 8 rings, camouflage 1, gelatinous body 1,
(nimble swimmer 1), tentacles
a: no special abilities


You were on level 5 of the Dungeon.
You visited 1 branch of the dungeon, and saw 1 of its levels.

You collected 6 gold pieces.

Inventory:

Hand Weapons
 a - a +0 falchion (weapon)
Missiles
 d - 5 poisoned darts (quivered)
Wands
 f - a wand of digging (3)
Scrolls
 b - a scroll of fog
 g - a scroll of vulnerability {unknown}
 h - a scroll of identify {unknown}
Potions
 c - 2 potions of mutation {unknown}
 e - a potion of haste


   Skills:
 * Level 3.8 Fighting
 * Level 2.7 Long Blades
 + Level 0.1 Throwing
 * Level 2.8 Dodging
 + Level 8.3 Stealth
 * Level 1.6 Spellcasting


You had 7 spell levels left.
You didn't know any spells.
Your spell library was empty.

Dungeon Overview and Level Annotations

Branches:
Dungeon (5/15)
 Temple: D:4-7

Altars:
Ru


Innate Abilities, Weirdness & Mutations

You cannot wear most types of armour.
You are amphibious.
You can wear up to eight rings at the same time.
Your skin changes colour to match your surroundings (Stealth+).
Your rubbery body absorbs attacks. (AC +1, EV +1)
((You are camouflaged when in or above water. (Stealth+)))
You have tentacles for arms and can constrict up to eight enemies at once.


Message History

You barely miss the hound.
The hound is heavily wounded.
You constrict the hound. The hound closely misses you. x2
You hit the hound. You squeeze the hound.
You kill the hound!
You have reached level 5!
You feel clever.
You see here a scroll labelled GAUDUG USIRYPIZOW.
h - a scroll labelled GAUDUG USIRYPIZOW
Found a sacrificial altar of Ru.
There is a sacrificial altar of Ru here.
Throw: 6 darts (poison)
Press: ? - help, Q - select action Shift-Dir - straight line, f - ogre
Aim: an ogre, wielding a +0 giant club (73% to hit)
You throw a poisoned dart.
The poisoned dart barely misses the ogre.
Throw: 5 darts (poison)
Press: ? - help, Q - select action Shift-Dir - straight line, f/p - ogre
Aim: an ogre, wielding a +0 giant club (73% to hit)
You throw a poisoned dart. The poisoned dart hits the ogre.
The ogre is poisoned.
You hit the ogre. You squeeze the ogre.
The ogre is lightly wounded.
The ogre hits you with a +0 giant club!
You hit the ogre.
The ogre is moderately wounded.
The ogre closely misses you.
You slash the ogre!
The ogre is heavily wounded.
You hit the ogre. You squeeze the ogre.
The ogre is severely wounded.
The ogre completely misses you.
You hit the ogre.
The ogre is almost dead.
You kill the ogre!
Your Stealth skill increases to level 8!
Things that are here:
a +0 giant club; an ogre corpse
d - 5 poisoned darts (gained 1) Are you sure you want to abandon this character and quit the game? (Confirm with "yes".)

*,,,,,,* *,*
*,,,,,,* *,*
***,**** *,* **,,*
*,* ,,,,** *,*
#####***
,,,,,******,*
#≈≈≈#,,*******
,,,,,,,,,,,,*
#≈_≈#*,,,,,,,*
,,,,,,*******
#.).#*,*****,*
....*.#
#@≈.#*,*****,*****
....#.#
#...#*,,,,,,,,,,,*
......#
#.≈.#*,**,**,*,,,,
.#...>#
#...#,,**,**,*,*,*
......*
#.≈.#,,,,,,,,*,*,,
*#...#*
##...##,*****,*,***
#...######
#≈.≈.≈#.###**,*,,,,
#........#
#.≈.≈.......,,*****
##...####.###
#...........,** *


There were no monsters in sight!

Vanquished Creatures
  An ogre (D:5)
  A howler monkey (D:5)
  3 hounds (D:5)
5 creatures vanquished.

Notes
Turn   | Place    | Note
-------+----------+-------------------------------------------
     0 | D:5      | Esekla the Octopode Delver began the quest for the Orb.
     0 | D:5      | Reached XP level 1. HP: 16/16 MP: 1/1
    27 | D:5      | Noticed an ogre
    30 | D:5      | Noticed a hound
    33 | D:5      | Noticed a howler monkey
    35 | D:5      | Killed a hound
    36 | D:5      | Reached skill level 7 in Stealth
    36 | D:5      | Reached XP level 2. HP: 14/21 MP: 1/3
    36 | D:5      | Reached XP level 3. HP: 17/26 MP: 1/4
    45 | D:5      | Reached skill level 1 in Spellcasting
    45 | D:5      | Reached XP level 4. HP: 21/31 MP: 1/5
    84 | D:5      | Reached XP level 5. HP: 24/36 MP: 5/7
    93 | D:5      | Found a sacrificial altar of Ru.
   107 | D:5      | Killed an ogre
   108 | D:5      | Reached skill level 8 in Stealth
   111 | D:5      | Quit the game

Illustrated notes

Levels and vault maps discovered:
D:5:      layout_loops_cross, nicolae_ru_path_of_blood,
          gammafunk_ghost_nasty_kobolds

Skill      XL: |  1  2  3  4  5 |
---------------+----------------+-----
Stealth        | 7 8 |  8.3
Spellcasting   | 1 |  1.6
Fighting       | |  3.8
Long Blades    | |  2.7
Throwing       | |  0.1
Dodging        | |  2.8

Action                     |  1- 3 |  4- 6 || total
---------------------------+-------+-------++-------
  Melee: Falchion          |     9 |    12 ||    21
         Tentacles         |     3 |     4 ||     7
         Constrict         |     2 |     2 ||     4
  Throw: Dart              |       |     2 ||     2
    Use: Scroll            |     1 |     1 ||     2
   Stab: Sleeping          |     1 |       ||     1
  Dodge: Dodged            |     8 |     7 ||    15

Table legend: (Time is in decaauts)
 A = Elapsed time spent in this place.
 B = Non-inter-level travel time spent in this place.
 C = Inter-level travel time spent in this place.
 D = Time resting spent in this place.
 E = Time spent auto-exploring this place.
 F = Levels seen in this place.
 G = Mean time per level.
                   A        B        C        D        E       F      G
               +--------+--------+--------+--------+--------+-----+--------+
         Total |    115 |    115 |      0 |      0 |      0 |   1 |  115.0 |
       Dungeon |    115 |    115 |      0 |      0 |      0 |   1 |  115.0 |
               +--------+--------+--------+--------+--------+-----+--------+

Top non-repeatable levels by time:
     D:5: 115 daAuts
